 Dungeon Crawl Stone Soup version 0.31-a0-145-g046c7d2549 (webtiles) character file.

Game seed: 7619101054759509662

1961 qw the Skirmisher (level 9, -2/79 HPs)
             Began as a Minotaur Hunter on June 7, 2023.
             Slain by a two-headed ogre
             ... wielding a +0 giant club
              (27 damage)
             ... on level 7 of the Dungeon.
             The game lasted 00:02:09 (5499 turns).

qw the Skirmisher (Minotaur Hunter)                 Turns: 5499, Time: 00:02:10

Health: -2/79      AC: 10    Str: 17    XL:     9   Next: 0%
Magic:  8/8        EV: 13    Int:  6    God:
Gold:   182        SH:  0    Dex: 17    Spells: 8/8 levels left

rFire   . . .        Y - +2 shortbow
rCold   . . .        (shield currently unavailable)
rNeg    . . .        g - +0 ring mail
rPois   .            (helmet restricted)
rElec   .            (no cloak)
rCorr   .            l - +0 pair of gloves
SInv    .            (no boots)
Will    .....        (no amulet)
Stlth   +            f - +4 ring of protection
HPRegen 0.33/turn    i - +4 ring of slaying {mikee}
MPRegen 0.11/turn

%: no passive effects
@: no status effects
A: horns 2, retaliatory headbutt
a: no special abilities


You were on level 7 of the Dungeon.
You visited 1 branch of the dungeon, and saw 7 of its levels.

You collected 390 gold pieces.
You spent 208 gold pieces at shops.


Innate Abilities, Weirdness & Mutations

You have a pair of horns on your head.
You reflexively headbutt those who attack you in melee.


   Skills:
 - Level 7.4 Fighting
 - Level 11.0 Ranged Weapons
 + Level 2.1 Armour
 - Level 4.5 Dodging
 - Level 0.7 Stealth


You had 8 spell levels left.
You didn't know any spells.
Your spell library was empty.

Inventory:

Hand Weapons
 Y - a +2 shortbow (weapon)
Armour
 g - a +0 ring mail (worn)
 l - a +0 pair of gloves (worn)
 q - the +2 robe of Serendipity {Harm Regen+ rCorr Int-4}
   (You bought it in a shop on level 5 of the Dungeon)

   Int:       It affects your intelligence (-4).
   Regen:     It increases your rate of health regeneration.
   rCorr:     It protects you from acid and corrosion.
   Harm:      It increases damage dealt and taken.
Jewellery
 f - a +4 ring of protection (left hand)
 i - a +4 ring of slaying (right hand) {mikee}
Wands
 n - a wand of digging (7)
Scrolls
 c - a scroll of teleportation
 m - 2 scrolls of identify
Potions
 a - a potion of heal wounds
 b - a potion of might
 e - a potion of curing
 j - a potion of haste
 k - a potion of mutation {unknown}
 o - a potion of lignification {unknown}

Dungeon Overview and Level Annotations

Branches:
Dungeon (7/15)
 Temple: D:4-7

Altars:
Dithmenos
Yredelemnul

Shops:
D:5 [

Annotations:
D:6 1 runed translucent door, qw's ghost, novice MiHu


Message History

You shoot an arrow. The arrow hits the two-headed ogre!
The two-headed ogre is lightly wounded.
A white imp comes into view.
A scorpion comes into view.
You shoot an arrow. The white imp shouts!
The arrow hits the two-headed ogre.
The two-headed ogre is lightly wounded.
You shoot an arrow.
The arrow completely misses the two-headed ogre.
You shoot an arrow.
The arrow hits the two-headed ogre but does no damage.
The two-headed ogre is lightly wounded.
You shoot an arrow. The arrow hits the two-headed ogre!
The two-headed ogre is moderately wounded.
You shoot an arrow. The arrow hits the two-headed ogre.
The two-headed ogre is moderately wounded.
The two-headed ogre closely misses you.
The two-headed ogre hits you with a +0 giant club.
You shoot an arrow. The arrow hits the two-headed ogre.
The two-headed ogre is moderately wounded.
The scorpion barely misses you.
You shoot an arrow. The arrow hits the two-headed ogre!
The two-headed ogre is severely wounded.
The two-headed ogre hits you with a +0 giant club!
The two-headed ogre closely misses you.
The scorpion stings you but does no damage.
You shoot an arrow. The arrow hits the two-headed ogre.
The two-headed ogre is severely wounded.
The scorpion misses you.
You shoot an arrow. The arrow hits the two-headed ogre!
The two-headed ogre is almost dead.
The white imp misses you.
The two-headed ogre hits you with a +0 giant club!
The two-headed ogre hits you with a +0 giant club!!
The scorpion stings you.
You shoot an arrow. The arrow hits the two-headed ogre.
The two-headed ogre is almost dead.
The white imp closely misses you. The scorpion closely misses you.
The two-headed ogre hits you with a +0 giant club!!
You die...

######.
.......
.......
.......
.......
###s..##
#.@O...#
#./5...#
#......#
#......#
#......#
###+##......#
#.....#....##
#.....#....#
#.....#....#


You could see a two-headed ogre, a scorpion and a white imp.

Vanquished Creatures
  2 steam dragons
  Menkaure (D:6)
  2 water moccasins
  3 black bears
  A sky beast (D:7)
  An ogre (D:6)
  2 ice beasts
  A bullfrog (D:7)
  5 killer bees (D:5)
  A jelly (D:4)
  A hound (D:5)
  5 iguanas
  Natasha (D:2)
  An orc wizard (D:3)
  4 gnolls (D:5)
  5 adders
  A shadow imp (D:5)
  2 white imps
  2 ufetubi
  2 worms (D:4)
  3 dart slugs
  19 orcs
  5 ball pythons
  6 endoplasms
  3 giant cockroaches
  11 hobgoblins
  2 jackals (D:4)
  2 quokkas
  A bat (D:1)
  2 frilled lizards (D:3)
  5 goblins
  4 kobolds
  2 rats
108 creatures vanquished.

Notes
Turn   | Place    | Note
-------+----------+-------------------------------------------
     0 | D:1      | qw the Minotaur Hunter began the quest for the Orb.
     0 | D:1      | Reached XP level 1. HP: 18/18 MP: 0/0
     0 | D:1      | 0 ||| qw: Version: 0.2-a-117-gc6b5c8b
     0 | D:1      | 0 ||| qw: Game counter: 2535
     0 | D:1      | 0 ||| qw: Always use a shield: true
     0 | D:1      | 0 ||| qw: God list: Okawaru
     0 | D:1      | 0 ||| qw: Allow faded altars: false
     0 | D:1      | 0 ||| qw: Do Orc after D:15 true
     0 | D:1      | 0 ||| qw: Do second Lair branch before Depths: true
     0 | D:1      | 0 ||| qw: Lair rune preference: random
     0 | D:1      | 0 ||| qw: Plans: Normal
     0 | D:1      | 0 ||| PLANNING D:1-11
   591 | D:1      | Reached XP level 2. HP: 25/25 MP: 1/1
   705 | D:1      | 705 ||| UPGRADING to +0 ring mail.
   715 | D:1      | 715 ||| DROPPING +0 leather armour.
   716 | D:1      | 716 ||| UPGRADING to +0 pair of gloves.
   721 | D:1      | 721 ||| UPGRADING to +4 ring of protection.
   722 | D:1      | 722 ||| READING scroll labelled IRUCEU TOGAB.
   723 | D:1      | 723 ||| READING 2 scrolls labelled WEISIB GAOHE.
   724 | D:1      | 724 ||| READING scroll labelled APAQEL OSEN.
   725 | D:1      | 725 ||| READING scroll labelled BIWKUE JEBLIU.
   730 | D:1      | 730 ||| DROPPING scroll of butterflies.
   731 | D:1      | 731 ||| DROPPING scroll of magic mapping.
  1011 | D:2      | Reached skill level 1 in Armour
  1210 | D:2      | Reached skill level 5 in Ranged Weapons
  1336 | D:2      | Reached skill level 3 in Fighting
  1336 | D:2      | Reached XP level 3. HP: 29/31 MP: 2/2
  1401 | D:2      | Noticed Natasha
  1407 | D:2      | Killed Natasha
  1589 | D:2      | 1589 ||| READING scroll labelled LUROST POABE.
  1590 | D:2      | 1590 ||| READING scroll labelled ERIFOJ GUAJA.
  1591 | D:2      | 1591 ||| READING scroll labelled WAADIY CIUBEIN.
  1592 | D:2      | 1592 ||| DRINKING 2 inky potions.
  1593 | D:2      | 1593 ||| DROPPING potion of magic.
  1639 | D:3      | Reached XP level 4. HP: 38/38 MP: 3/3
  1771 | D:3      | Reached skill level 6 in Ranged Weapons
  1924 | D:3      | 1924 ||| FLEEEEING.
  1925 | D:3      | 1925 ||| FLEEEEING.
  1926 | D:3      | 1926 ||| FLEEEEING.
  1927 | D:3      | 1927 ||| FLEEEEING.
  1928 | D:3      | 1928 ||| STAIRDANCE
  2015 | D:3      | Found a basalt altar of Yredelemnul.
  2037 | D:3      | Reached XP level 5. HP: 46/46 MP: 4/4
  2077 | D:3      | Found a faded altar of an unknown god.
  2217 | D:3      | 2217 ||| READING 2 scrolls labelled MECONWEMOL.
  2218 | D:3      | 2218 ||| DRINKING 2 sedimented blue potions.
  2219 | D:3      | 2219 ||| DROPPING scroll of vulnerability.
  2275 | D:4      | You fall into a shaft and drop 2 floors!
  2276 | D:6      | 2276 ||| UPGRADING to +4 ring of slaying {mikee}.
  2282 | D:5      | Entered Level 5 of the Dungeon
  2316 | D:5      | Noticed a black bear
  2323 | D:5      | Killed a black bear
  2324 | D:5      | Reached skill level 7 in Ranged Weapons
  2343 | D:5      | Noticed a black bear
  2348 | D:5      | Killed a black bear
  2349 | D:5      | Reached XP level 6. HP: 52/52 MP: 5/5
  2350 | D:5      | 2350 ||| READING scroll labelled AQARIC BUTULEM.
  2850 | D:4      | Reached skill level 8 in Ranged Weapons
  2915 | D:4      | Found a shadowy altar of Dithmenos.
  3395 | D:5      | Found Dor Jive's Armour Shop.
  3408 | D:5      | 3408 ||| SHOPLISTING +0 ring mail of Articulation {rF+ rC+
                  | Str+2} (408 gold, have 249).
  3408 | D:5      | 3408 ||| BUYING +2 robe of Serendipity {Harm Regen+ rCorr
                  | Int-4} (208 gold).
  3408 | D:5      | Bought the +2 robe of Serendipity {Harm Regen+ rCorr Int-4}
                  | for 208 gold pieces
  3429 | D:5      | Reached XP level 7. HP: 61/61 MP: 6/6
  3454 | D:5      | 3454 ||| FLEEEEING.
  3455 | D:5      | 3455 ||| FLEEEEING.
  3456 | D:5      | 3456 ||| FLEEEEING.
  3457 | D:5      | 3457 ||| FLEEEEING.
  3458 | D:5      | 3458 ||| FLEEEEING.
  3459 | D:5      | 3459 ||| FLEEEEING.
  3460 | D:5      | 3460 ||| FLEEEEING.
  3461 | D:5      | 3461 ||| FLEEEEING.
  3462 | D:5      | 3462 ||| FLEEEEING.
  3463 | D:5      | 3463 ||| FLEEEEING.
  3464 | D:5      | 3464 ||| FLEEEEING.
  3465 | D:5      | 3465 ||| FLEEEEING.
  3466 | D:5      | 3466 ||| FLEEEEING.
  3467 | D:5      | 3467 ||| FLEEEEING.
  3468 | D:5      | 3468 ||| FLEEEEING.
  3469 | D:5      | 3469 ||| FLEEEEING.
  3470 | D:5      | 3470 ||| FLEEEEING.
  3471 | D:5      | 3471 ||| FLEEEEING.
  3472 | D:5      | 3472 ||| FLEEEEING.
  3473 | D:5      | 3473 ||| FLEEEEING.
  3474 | D:5      | 3474 ||| FLEEEEING.
  3475 | D:5      | 3475 ||| FLEEEEING.
  3476 | D:5      | 3476 ||| FLEEEEING.
  3477 | D:5      | 3477 ||| FLEEEEING.
  3478 | D:5      | 3478 ||| STAIRDANCE
  3586 | D:4      | 3586 ||| DRINKING 2 viscous orange potions.
  3690 | D:4      | 3690 ||| READING 3 scrolls of identify.
  3690 | D:4      | 3690 ||| IDENTIFYING fizzy coppery potion
  3691 | D:4      | 3691 ||| READING 2 scrolls of identify.
  3691 | D:4      | 3691 ||| IDENTIFYING purple potion
  3692 | D:4      | 3692 ||| DROPPING potion of berserk rage.
  3717 | D:5      | Reached skill level 9 in Ranged Weapons
  3724 | D:5      | 3724 ||| FLEEEEING.
  3725 | D:5      | 3725 ||| FLEEEEING.
  3726 | D:5      | 3726 ||| FLEEEEING.
  3727 | D:5      | 3727 ||| FLEEEEING.
  3728 | D:5      | 3728 ||| FLEEEEING.
  3729 | D:5      | 3729 ||| FLEEEEING.
  3730 | D:5      | 3730 ||| FLEEEEING.
  3731 | D:5      | 3731 ||| FLEEEEING.
  3732 | D:5      | 3732 ||| FLEEEEING.
  3735 | D:5      | 3735 ||| FLEEEEING.
  3736 | D:5      | 3736 ||| FLEEEEING.
  3737 | D:5      | 3737 ||| FLEEEEING.
  3741 | D:5      | 3741 ||| STAIRDANCE
  3767 | D:5      | Reached skill level 3 in Dodging
  3887 | D:6      | Noticed qw's ghost (novice MiHu)
  3887 | D:6      | Noticed a steam dragon
  3887 | D:6      | Found a runed translucent door.
  3889 | D:6      | 3889 ||| STAIRDANCE
  3947 | D:6      | 3947 ||| STAIRDANCE
  4011 | D:6      | 4011 ||| STAIRDANCE
  4050 | D:6      | 4050 ||| STAIRDANCE
  4103 | D:6      | 4103 ||| Stepping ~*~*~tactically~*~*~ (cloud).
  4106 | D:6      | Killed a steam dragon
  4107 | D:6      | Reached skill level 6 in Fighting
  4107 | D:6      | Reached XP level 8. HP: 47/71 MP: 7/7
  4293 | D:6      | Reached skill level 10 in Ranged Weapons
  4465 | D:6      | Noticed Menkaure
  4470 | D:6      | Killed Menkaure
  4774 | D:6      | 4774 ||| DROPPING +6 ring of intelligence.
  4775 | D:6      | 4775 ||| DRINKING 2 puce potions.
  4776 | D:6      | 4776 ||| READING 3 scrolls of identify.
  4776 | D:6      | 4776 ||| IDENTIFYING orange potion
  4777 | D:6      | 4777 ||| READING 2 scrolls of identify.
  4777 | D:6      | 4777 ||| IDENTIFYING emerald potion
  4778 | D:6      | 4778 ||| DROPPING potion of invisibility.
  4779 | D:6      | 4779 ||| DROPPING potion of brilliance.
  4961 | D:7      | Reached skill level 11 in Ranged Weapons
  5162 | D:7      | Noticed a two-headed ogre
  5174 | D:7      | HP: 16/73 [two-headed ogre/+0 giant club (16)]
  5175 | D:7      | 5175 ||| READING scroll of teleportation.
  5176 | D:7      | 5176 ||| DRINKING 2 potions of heal wounds.
  5379 | D:7      | Reached XP level 9. HP: 57/79 MP: 8/8
  5487 | D:7      | 5487 ||| READING scroll of enchant weapon.
  5487 | D:7      | 5487 ||| ENCHANTING +1 shortbow.
  5499 | D:7      | Slain by a two-headed ogre

Levels and vault maps discovered:
D:1:      spicycebolla_arrival_clurvy, layout_basic
D:2:      layout_loops_corners, uniq_natasha
D:3:      corexii_shack_village, layout_rooms,
          mainiacjoe_overflow_small_starburst,
          hellmonk_ecumenical_altar_defaced_shrine
D:4:      layout_cave_pods, grunt_dithmenos_smoke, grunt_ministairs_4,
          minivault_14, corexii_checkpoint_b, dk_noncrumbling_3
D:5:      layout_rooms, serial_shops, shop, minivault_26
D:6:      layout_basic, hellmonk_ghost_happy_afterlife, kennysheep_small_spiral,
          uniq_menkaure
D:7:      layout_basic, minmay_temple_entry_gardened_gates

Skill      XL: |  1  2  3  4  5  6  7  8 |
---------------+-------------------------+-----
Armour         | 1 2 |  2.1
Ranged Weapons | 5 6 7 8 9 11 | 11.0
Fighting       | 3 4 5 6 7 |  7.4
Dodging        | 3 4 |  4.5
Stealth        | |  0.7

Action                     |  1- 3 |  4- 6 |  7- 9 || total
---------------------------+-------+-------+-------++-------
   Fire: Shortbow          |    78 |   164 |   138 ||   380
    Use: Scroll            |     7 |     2 |     6 ||    15
         Potion            |     1 |     1 |     3 ||     5
 Armour: Leather armour    |     1 |       |       ||     1
         Ring mail         |     8 |    25 |    26 ||    59
  Dodge: Dodged            |    11 |    49 |    57 ||   117

Table legend:
 A = Non-vault XP
 B = Vault XP
 C = Vault XP percentage of total XP
 D = Non-vault monster count
 E = Vault monster count
 F = Vault count percentage of total count
                 A         B        C        D         E       F
            +---------+---------+-------+---------+---------+-------
      Total |    2554 |     248 |   8.9 |      88 |      20 |  18.5
            +---------+---------+-------+---------+---------+-------
        D:1 |      13 |       0 |   0.0 |       8 |       0 |   0.0
        D:2 |      38 |      35 |  47.9 |       9 |       1 |  10.0
        D:3 |      87 |      36 |  29.3 |      20 |      15 |  42.9
        D:4 |     143 |       8 |   5.3 |      13 |       3 |  18.8
        D:5 |     950 |       0 |   0.0 |      23 |       0 |   0.0
        D:6 |     763 |     169 |  18.1 |       8 |       1 |  11.1
        D:7 |     560 |       0 |   0.0 |       7 |       0 |   0.0
            +---------+---------+-------+---------+---------+-------
